Workbook

Sheet Sheet1
A1: 附件1
A2: 焦作市规范整合放射治疗等4类医疗服务价格项目
A3: 序号 | B3: 财务分类代码 | C3: 国家项目编码 | D3: 项目名称 | E3: 服务产出 | F3: 价格构成 | G3: 加收项 | H3: 扩展项 | I3: 计价单位 | J3: 市级价格 | N3: 市级价格 | R3: 计价说明 | S3: 医保支付政策
J4: 市三级 | K4: 市二级 | L4: 县级 | M4: 乡级 | N4: 市三级 | O4: 市二级 | P4: 县级 | Q4: 乡级 | S4: 支付类别 | T4: 首自付比例 | U4: 备注
D5: 放射治疗 | E5: 使用说明 1.本类项目以放射治疗为重点，按照放射治疗方式的服务产出设立价格项目。 2.本类项目所称的“价格构成”，指项目价格应涵盖的各类资源消耗，用于确定计价单元的边界。所列“设备投入”包括但不限于操作设备、器具及固定资产投入。 3.本类项目所称“加收项”，指同一项目以不同方式提供或在不同场景应用时，确有必要制定差异化收费标准而细分的一类子项，包括在原项目价格基础上增加或减少收费的情况，具体的加/减收标准（加/减收率或加/减收金额）由各地依权限制定；实际应用中，同时涉及多个加收项的，以项目单价为基础计算各项加/减收水平后，求和得出加/减收金额。 4.本类项目所称“扩展项”，指同一项目下以不同方式提供或在不同场景应用时，只扩展价格项目适用范围、不额外加价的一类子项，子项的价格按主项目执行。 5.本类项目所称“基本物质资源消耗”，指原则上限于不应或不必要与医疗服务项目分割的易耗品，包括但不限于各类消杀用品、储存用品、清洁用品、个人防护用品、垃圾处理用品、润滑剂、棉球、棉签、纱布（垫）、护（尿）垫、治疗巾（单）、中单、护理盘(包）、治疗包、注射器、标签、无菌设备保护套、模具、挡板、铅板（模）、蜡模、凡士林、标记笔、可复用的操作器具、软件（版权、开发、购买）成本等。基本物质资源消耗成本计入项目价格，不另行收费。除基本物质资源消耗以外的可收费医用耗材，按照实际采购价格零差率销售。 6.本类项目中涉及“包括……”“……等”的，属于开放型表述，所指对象不仅局限于表述中列明的事项，也包括未列明的同类事项。
A6: 1 | B6: E | C6: 013401010010000 | D6: 放疗计划制定 | E6: 依据模拟定位，勾画放疗靶区和危及器官，制定放疗剂量、危及器官限量，放疗次数和方式等放疗计划。 | F6: 所定价格涵盖勾画靶区、给定处方剂量、制定放疗计划等过程中所需的人力资源、设备运转成本消耗与基本物耗。 | G6: 01调强计划制定 11立体定向放疗计划制定 | I6: 次 | J6: =VLOOKUP(C6,[1]放射治疗类!$B:$T,16,FALSE) -> 500 | K6: =VLOOKUP(C6,[1]放射治疗类!$B:$T,17,FALSE) -> 450 | L6: =VLOOKUP(C6,[1]放射治疗类!$B:$T,18,FALSE) -> 405 | M6: =VLOOKUP(C6,[1]放射治疗类!$B:$T,19,FALSE) -> 365 | R6: 1.二维放疗计划制定，市三级按245元收费，市二级按220元收费，县级按198元收费，乡级按178元收费。 2.每疗程计划制定超过2次按2次收费。 | S6: 乙类 | T6: 0.1
B7: E | C7: 013401010010001 | D7: 放疗计划制定-调强计划制定（加收） | E7: 依据模拟定位，勾画放疗靶区和危及器官，制定放疗剂量、危及器官限量，放疗次数和方式等调强放疗计划。 | I7: 次 | J7: =VLOOKUP(C7,[1]放射治疗类!$B:$T,16,FALSE) -> 270 | K7: =VLOOKUP(C7,[1]放射治疗类!$B:$T,17,FALSE) -> 243 | L7: =VLOOKUP(C7,[1]放射治疗类!$B:$T,18,FALSE) -> 219 | M7: =VLOOKUP(C7,[1]放射治疗类!$B:$T,19,FALSE) -> 197 | R7: 每疗程计划制定超过2次按2次收费。 | S7: 乙类 | T7: 0.1
B8: E | C8: 013401010010011 | D8: 放疗计划制定-立体定向放疗计划制定（加收） | E8: 依据模拟定位，勾画放疗靶区和危及器官，制定放疗剂量、危及器官限量，放疗次数和方式等立体定向放疗计划。 | I8: 次 | J8: =VLOOKUP(C8,[1]放射治疗类!$B:$T,16,FALSE) -> 270 | K8: =VLOOKUP(C8,[1]放射治疗类!$B:$T,17,FALSE) -> 243 | L8: =VLOOKUP(C8,[1]放射治疗类!$B:$T,18,FALSE) -> 219 | M8: =VLOOKUP(C8,[1]放射治疗类!$B:$T,19,FALSE) -> 197 | R8: 每疗程计划制定超过2次按2次收费。 | S8: 乙类 | T8: 0.1
A9: 2 | B9: E | C9: 013401010020000 | D9: 放疗计划验证 | E9: 依据靶区及计划制定的方案对放疗计划进行验证，必要时进行调整。 | F9: 所定价格涵盖固定、摆位、标记、扫描、获取影像、比较、校正、标记及剂量验证等过程中所需的人力资源、设备运转成本消耗与基本物耗。 | I9: 次 | J9: =VLOOKUP(C9,[1]放射治疗类!$B:$T,16,FALSE) -> 810 | K9: =VLOOKUP(C9,[1]放射治疗类!$B:$T,17,FALSE) -> 729 | L9: =VLOOKUP(C9,[1]放射治疗类!$B:$T,18,FALSE) -> 688 | M9: =VLOOKUP(C9,[1]放射治疗类!$B:$T,19,FALSE) -> 585 | R9: 每疗程验证超过2次按2次收费。 | S9: 乙类 | T9: 0.1
A10: 3 | B10: E | C10: 013401020010000 | D10: 放疗模拟定位 | E10: 应用CT影像技术，进行放疗模拟定位，确定靶区、危及器官，必要时确定射野。 | F10: 所定价格涵盖模具设计与制作、摆位、体位固定、图像扫描、标记、必要时静脉输注对比剂、定位、获取影像、传输、记录等过程中所需的人力资源、设备运转成本消耗与基本物耗。 | G10: 01特殊影像模拟定位 02简易模拟定位减收 11运动管理 21立体定向放疗模拟定位 | I10: 次 | J10: =VLOOKUP(C10,[1]放射治疗类!$B:$T,16,FALSE) -> 600 | K10: =VLOOKUP(C10,[1]放射治疗类!$B:$T,17,FALSE) -> 555 | L10: =VLOOKUP(C10,[1]放射治疗类!$B:$T,18,FALSE) -> 499 | M10: =VLOOKUP(C10,[1]放射治疗类!$B:$T,19,FALSE) -> 471.75 | R10: 1.“模具设计与制作”包括但不限于体位固定器、射线挡块、剂量补偿物等放疗过程中涉及的各类模具制作步骤。 2.每疗程定位超过2次按2次收费。 | S10: 乙类 | T10: 0.1
B11: E | C11: 013401020010001 | D11: 放疗模拟定位-特殊影像模拟定位（加收） | E11: 应用磁共振（MR）、正电子发射计算机断层显像（PET-CT）等特殊影像技术，进行放疗模拟定位，确定靶区、危及器官，必要时确定射野。 | I11: 次 | J11: =VLOOKUP(C11,[1]放射治疗类!$B:$T,16,FALSE) -> 306 | K11: =VLOOKUP(C11,[1]放射治疗类!$B:$T,17,FALSE) -> 275 | L11: =VLOOKUP(C11,[1]放射治疗类!$B:$T,18,FALSE) -> 248 | M11: =VLOOKUP(C11,[1]放射治疗类!$B:$T,19,FALSE) -> 223 | R11: 1.“特殊影像模拟定位”指使用磁共振（MR）、正电子发射计算机断层显像（PET-CT）等影像完成模拟定位。 2.每疗程定位超过2次按2次收费。 | S11: 乙类 | T11: 0.1
B12: E | C12: 013401020010002 | D12: 放疗模拟定位-简易模拟定位（减收） | E12: 应用B超、X线等简易影像技术，进行放疗模拟定位，确定靶区、危及器官，必要时确定射野。 | I12: 次 | J12: =VLOOKUP(C12,[1]放射治疗类!$B:$T,16,FALSE) -> -200 | K12: =VLOOKUP(C12,[1]放射治疗类!$B:$T,17,FALSE) -> -165 | L12: =VLOOKUP(C12,[1]放射治疗类!$B:$T,18,FALSE) -> -148 | M12: =VLOOKUP(C12,[1]放射治疗类!$B:$T,19,FALSE) -> -140 | R12: 1.简易模拟定位指使用B超、X线定位。 2.每疗程定位超过2次按2次收费。 | S12: 乙类 | T12: 0.1
B13: E | C13: 013401020010011 | D13: 放疗模拟定位-运动管理（加收） | E13: 应用CT影像技术，进行运动管理的放疗模拟定位，确定靶区、危及器官，必要时确定射野。 | I13: 次 | J13: =VLOOKUP(C13,[1]放射治疗类!$B:$T,16,FALSE) -> 90 | K13: =VLOOKUP(C13,[1]放射治疗类!$B:$T,17,FALSE) -> 81 | L13: =VLOOKUP(C13,[1]放射治疗类!$B:$T,18,FALSE) -> 73 | M13: =VLOOKUP(C13,[1]放射治疗类!$B:$T,19,FALSE) -> 66 | R13: 每疗程定位超过2次按2次收费。 | S13: 乙类 | T13: 0.1
B14: E | C14: 013401020010021 | D14: 放疗模拟定位-立体定向放疗模拟定位（加收） | E14: 应用CT影像技术，进行立体定向的放疗模拟定位，确定靶区、危及器官，必要时确定射野。 | I14: 次 | J14: =VLOOKUP(C14,[1]放射治疗类!$B:$T,16,FALSE) -> 90 | K14: =VLOOKUP(C14,[1]放射治疗类!$B:$T,17,FALSE) -> 81 | L14: =VLOOKUP(C14,[1]放射治疗类!$B:$T,18,FALSE) -> 73 | M14: =VLOOKUP(C14,[1]放射治疗类!$B:$T,19,FALSE) -> 66 | R14: 每疗程定位超过2次按2次收费。 | S14: 乙类 | T14: 0.1
A15: 4 | B15: E | C15: 013401030010000 | D15: 外照射治疗（普通） | E15: 使用医用电子直线加速器产生电子线和光子线，实施体外照射放射治疗。 | F15: 所定价格涵盖摆位、体位固定、操作设备出束治疗、实时监控、必要时使用射线档块、剂量补偿物等过程中所需的人力资源、设备运转成本消耗与基本物耗。 | G15: 01超长靶区 11超高剂量率放疗 | I15: 次 | J15: =VLOOKUP(C15,[1]放射治疗类!$B:$T,16,FALSE) -> 369 | K15: =VLOOKUP(C15,[1]放射治疗类!$B:$T,17,FALSE) -> 332 | L15: =VLOOKUP(C15,[1]放射治疗类!$B:$T,18,FALSE) -> 299 | M15: =VLOOKUP(C15,[1]放射治疗类!$B:$T,19,FALSE) -> 269 | S15: 乙类 | T15: 0.1
B16: E | C16: 013401030010001 | D16: 外照射治疗（普通）-超长靶区（加收） | E16: 使用医用电子直线加速器产生电子线和光子线，实施体外照射超长靶区放射治疗。 | I16: 次 | J16: =VLOOKUP(C16,[1]放射治疗类!$B:$T,16,FALSE) -> 117 | K16: =VLOOKUP(C16,[1]放射治疗类!$B:$T,17,FALSE) -> 105 | L16: =VLOOKUP(C16,[1]放射治疗类!$B:$T,18,FALSE) -> 95 | M16: =VLOOKUP(C16,[1]放射治疗类!$B:$T,19,FALSE) -> 86 | R16: “超长靶区”，指直线加速器电子线射野大于20×20cm，X线射野单边大于40cm。 | S16: 乙类 | T16: 0.1
A17: 5 | B17: E | C17: 013401030020000 | D17: 外照射治疗（光子线-适形） | E17: 基于放疗计划，使用医用电子直线加速器或钴-60远距离治疗机等产生光子射线，实施外照射治疗。 | F17: 所定价格涵盖治疗摆位、体位固定、操作设备、出束治疗、实时监控、必要时使用射线档块、剂量补偿物等过程中所需的人力资源、设备运转成本消耗与基本物耗。 | G17: 01超长靶区 11超高剂量率放疗 21图像引导 | I17: 次 | J17: =VLOOKUP(C17,[1]放射治疗类!$B:$T,16,FALSE) -> 801 | K17: =VLOOKUP(C17,[1]放射治疗类!$B:$T,17,FALSE) -> 721 | L17: =VLOOKUP(C17,[1]放射治疗类!$B:$T,18,FALSE) -> 649 | M17: =VLOOKUP(C17,[1]放射治疗类!$B:$T,19,FALSE) -> 584 | S17: 乙类 | T17: 0.1
B18: E | C18: 013401030020001 | D18: 外照射治疗（光子线-适形）-超长靶区（加收） | E18: 基于放疗计划，使用医用电子直线加速器或钴-60远距离治疗机等产生光子射线，实施超长靶区外照射治疗。 | I18: 次 | J18: =VLOOKUP(C18,[1]放射治疗类!$B:$T,16,FALSE) -> 117 | K18: =VLOOKUP(C18,[1]放射治疗类!$B:$T,17,FALSE) -> 105 | L18: =VLOOKUP(C18,[1]放射治疗类!$B:$T,18,FALSE) -> 95 | M18: =VLOOKUP(C18,[1]放射治疗类!$B:$T,19,FALSE) -> 86 | R18: 1.“超长靶区”，指直线加速器电子线射野大于20×20cm，X线射野单边大于40cm。 2.全身照射治疗市三级加收900元/次，市二级加收810元/次，县级加收729元/次，乡级加收656元/次。 | S18: 乙类 | T18: 0.1
A19: 6 | B19: E | C19: 013401030030000 | D19: 外照射治疗（光子线-调强） | E19: 基于放疗计划，使用医用电子直线加速器等产生的光子线，根据肿瘤靶区和其周围危及器官的三维空间关系进行束流强度调节，实施外照射治疗。 | F19: 所定价格涵盖治疗摆位、体位固定、操作设备、出束治疗、实时监控、必要时使用射线档块、剂量补偿物等过程中所需的人力资源、设备运转成本消耗与基本物耗。 | G19: 01超长靶区 11超高剂量率放疗 21自适应放疗 31运动管理 41图像引导 51断层调强放疗 52容积旋转调强放疗 | I19: 次 | J19: =VLOOKUP(C19,[1]放射治疗类!$B:$T,16,FALSE) -> 871 | K19: =VLOOKUP(C19,[1]放射治疗类!$B:$T,17,FALSE) -> 784 | L19: =VLOOKUP(C19,[1]放射治疗类!$B:$T,18,FALSE) -> 695 | M19: =VLOOKUP(C19,[1]放射治疗类!$B:$T,19,FALSE) -> 585 | S19: 乙类 | T19: 0.1
B20: E | C20: 013401030030001 | D20: 外照射治疗（光子线-调强）-超长靶区（加收） | E20: 基于放疗计划，使用医用电子直线加速器等产生的光子线，根据肿瘤靶区和其周围危及器官的三维空间关系进行束流强度调节，实施超长靶区外照射治疗。 | I20: 次 | J20: =VLOOKUP(C20,[1]放射治疗类!$B:$T,16,FALSE) -> 117 | K20: =VLOOKUP(C20,[1]放射治疗类!$B:$T,17,FALSE) -> 105 | L20: =VLOOKUP(C20,[1]放射治疗类!$B:$T,18,FALSE) -> 95 | M20: =VLOOKUP(C20,[1]放射治疗类!$B:$T,19,FALSE) -> 86 | R20: 1.“超长靶区”，指直线加速器电子线射野大于20×20cm，X线射野单边大于40cm。2.全身照射治疗市三级加收900元/次，市二级加收810元/次，县级加收729元/次，乡级加收656元/次。 | S20: 乙类 | T20: 0.1
B21: E | C21: 013401030030021 | D21: 外照射治疗（光子线-调强）-自适应放疗（加收） | E21: 基于放疗计划，使用医用电子直线加速器等产生的光子线，根据肿瘤靶区和其周围危及器官的三维空间关系进行束流强度调节，实施自适应放疗外照射治疗。 | I21: 次 | J21: =VLOOKUP(C21,[1]放射治疗类!$B:$T,16,FALSE) -> 450 | K21: =VLOOKUP(C21,[1]放射治疗类!$B:$T,17,FALSE) -> 405 | L21: =VLOOKUP(C21,[1]放射治疗类!$B:$T,18,FALSE) -> 365 | M21: =VLOOKUP(C21,[1]放射治疗类!$B:$T,19,FALSE) -> 330 | R21: 1.“自适应放疗”，指在放疗过程中根据肿瘤退缩情况动态调整放疗计划的技术。 2.一个疗程开展自适应放疗3次以上按3次收费。 | S21: 丙类
B22: E | C22: 013401030030031 | D22: 外照射治疗（光子线-调强）-运动管理（加收） | E22: 基于放疗计划，使用医用电子直线加速器等产生的光子线，根据肿瘤靶区和其周围危及器官的三维空间关系进行束流强度调节，运动管理下实施外照射治疗。 | I22: 次 | J22: =VLOOKUP(C22,[1]放射治疗类!$B:$T,16,FALSE) -> 90 | K22: =VLOOKUP(C22,[1]放射治疗类!$B:$T,17,FALSE) -> 81 | L22: =VLOOKUP(C22,[1]放射治疗类!$B:$T,18,FALSE) -> 73 | M22: =VLOOKUP(C22,[1]放射治疗类!$B:$T,19,FALSE) -> 66 | S22: 乙类 | T22: 0.1
B23: E | C23: 013401030030051 | D23: 外照射治疗（光子线-调强）-断层调强放疗（加收） | E23: 基于放疗计划，使用医用电子直线加速器等产生的光子线，根据肿瘤靶区和其周围危及器官的三维空间关系进行束流强度调节，实施断层调强外照射治疗。 | I23: 次 | J23: =VLOOKUP(C23,[1]放射治疗类!$B:$T,16,FALSE) -> 87 | K23: =VLOOKUP(C23,[1]放射治疗类!$B:$T,17,FALSE) -> 78 | L23: =VLOOKUP(C23,[1]放射治疗类!$B:$T,18,FALSE) -> 70 | M23: =VLOOKUP(C23,[1]放射治疗类!$B:$T,19,FALSE) -> 59 | S23: 乙类 | T23: 0.1
B24: E | C24: 013401030030052 | D24: 外照射治疗（光子线-调强）-容积旋转调强放疗（加收） | E24: 基于放疗计划，使用医用电子直线加速器等产生的光子线，根据肿瘤靶区和其周围危及器官的三维空间关系进行束流强度调节，实施容积旋转调强外照射治疗。 | I24: 次 | J24: =VLOOKUP(C24,[1]放射治疗类!$B:$T,16,FALSE) -> 87 | K24: =VLOOKUP(C24,[1]放射治疗类!$B:$T,17,FALSE) -> 78 | L24: =VLOOKUP(C24,[1]放射治疗类!$B:$T,18,FALSE) -> 70 | M24: =VLOOKUP(C24,[1]放射治疗类!$B:$T,19,FALSE) -> 59 | S24: 乙类 | T24: 0.1
A25: 7 | B25: E | C25: 013401030040000 | D25: 外照射治疗（光子线-立体定向） | E25: 基于放疗计划，使用医用直线加速器、伽玛刀等产生的光子线，对肿瘤靶区进行大分割、高剂量短疗程放疗模式，实施外照射治疗。 | F25: 所定价格涵盖治疗摆位、体位固定、图像引导、操作设备、高剂量出束治疗、实时监控等过程中所需的人力资源、设备运转成本消耗与基本物耗。 | G25: 01自适应放疗 11运动管理 21超高剂量率放疗 | I25: 疗程 | J25: =VLOOKUP(C25,[1]放射治疗类!$B:$T,16,FALSE) -> 25200 | K25: =VLOOKUP(C25,[1]放射治疗类!$B:$T,17,FALSE) -> 22680 | L25: =VLOOKUP(C25,[1]放射治疗类!$B:$T,18,FALSE) -> 20412 | M25: =VLOOKUP(C25,[1]放射治疗类!$B:$T,19,FALSE) -> 18371 | R25: 1.肿瘤单次吸收剂量不小于5Gy。 2.3次及以下的，首次按36%收费，第2次治疗起按22%收费，此说明也适用于加收项。 3.多部位肿瘤需同时做2个以上治疗的按2个收费。 | S25: 乙类 | T25: 0.1
B26: E | C26: 013401030040001 | D26: 外照射治疗（光子线-立体定向）-自适应放疗（加收） | E26: 基于放疗计划，使用医用直线加速器、伽玛刀等产生的光子线，对肿瘤靶区进行大分割、高剂量短疗程放疗模式，实施自适应外照射治疗。 | I26: 疗程 | J26: =VLOOKUP(C26,[1]放射治疗类!$B:$T,16,FALSE) -> 1350 | K26: =VLOOKUP(C26,[1]放射治疗类!$B:$T,17,FALSE) -> 1215 | L26: =VLOOKUP(C26,[1]放射治疗类!$B:$T,18,FALSE) -> 1095 | M26: =VLOOKUP(C26,[1]放射治疗类!$B:$T,19,FALSE) -> 990 | R26: “自适应放疗”，指在放疗过程中根据肿瘤退缩情况动态调整放疗计划的技术。 | S26: 丙类
B27: E | C27: 013401030040011 | D27: 外照射治疗（光子线-立体定向）-运动管理（加收） | E27: 基于放疗计划，使用医用直线加速器、伽玛刀等产生的光子线，对肿瘤靶区进行大分割、高剂量短疗程放疗模式，运动管理下实施外照射治疗。 | I27: 疗程 | J27: =VLOOKUP(C27,[1]放射治疗类!$B:$T,16,FALSE) -> 450 | K27: =VLOOKUP(C27,[1]放射治疗类!$B:$T,17,FALSE) -> 405 | L27: =VLOOKUP(C27,[1]放射治疗类!$B:$T,18,FALSE) -> 365 | M27: =VLOOKUP(C27,[1]放射治疗类!$B:$T,19,FALSE) -> 330 | R27: “运动管理”，指基于植入金标、光学体表监测、呼吸控制等技术对周期性运动的肿瘤靶区进行限制、追踪照射或在周期性运动的特定时相控制机器出束照射。 | S27: 乙类 | T27: 0.1
A28: 8 | B28: E | C28: 013401030050000 | D28: 外照射治疗（质子放疗） | E28: 基于放疗计划，使用医用粒子加速器产生的质子射线，对肿瘤靶区进行束流强度调节，实施外照射治疗。 | F28: 所定价格涵盖治疗摆位、体位固定、图像引导、操作设备、运动管理、出束治疗、实时监控、必要时使用射线档块、剂量补偿物等过程中所需的人力资源、设备运转成本消耗与基本物耗。 | I28: 次 | R28: 每增加一次加收15000元，同一适应症每疗程最高不超过170000元。 | S28: 丙类
A29: 9 | B29: E | C29: 013401030060000 | D29: 外照射治疗（重离子放疗） | E29: 基于放疗计划，使用医用粒子加速器产生的重离子射线，对肿瘤靶区进行束流强度调节，实施外照射治疗。 | F29: 所定价格涵盖治疗摆位、体位固定、图像引导、操作设备、运动管理、出束治疗、实时监控、必要时使用射线档块、剂量补偿物等过程中所需的人力资源、设备运转成本消耗与基本物耗。 | I29: 次 | R29: 每增加一次加收16500元，同一适应症每疗程最高不超过198000元。 | S29: 丙类
A30: 10 | B30: E | C30: 013401040010000 | D30: 近距离治疗（后装） | E30: 通过在人体内置入施源器后导入放射源进行的治疗。 | F30: 所定价格涵盖模拟定位、制定计划、剂量验证、置入施源器、组织人员插植、导入放射源、照射、环境辐射监测、必要时回收放射源、解除施源器等过程中所需的人力资源及设备运转成本消耗与基本物耗。 | G30: 01CT模拟定位 02MR模拟定位 11二维近距离治疗计划 12三维近距离治疗计划 21组织间插植/放射粒子植入 | I30: 次 | J30: =VLOOKUP(C30,[1]放射治疗类!$B:$T,16,FALSE) -> 1350 | K30: =VLOOKUP(C30,[1]放射治疗类!$B:$T,17,FALSE) -> 1215 | L30: =VLOOKUP(C30,[1]放射治疗类!$B:$T,18,FALSE) -> 1094 | M30: =VLOOKUP(C30,[1]放射治疗类!$B:$T,19,FALSE) -> 1033 | R30: 1.“近距离治疗”包括但不限于“后装放射治疗”等一次性放射治疗及永久性植入放射性粒子治疗。 2.不与“放疗模拟定位”“放疗计划制定”“放疗计划验证”同时收取。 | S30: 乙类 | T30: 0.1
B31: E | C31: 013401040010001 | D31: 近距离治疗（后装）-CT模拟定位（加收） | E31: 通过CT模拟定位在人体内置入施源器后导入放射源进行的治疗。 | I31: 次 | J31: =VLOOKUP(C31,[1]放射治疗类!$B:$T,16,FALSE) -> 162 | K31: =VLOOKUP(C31,[1]放射治疗类!$B:$T,17,FALSE) -> 146 | L31: =VLOOKUP(C31,[1]放射治疗类!$B:$T,18,FALSE) -> 131 | M31: =VLOOKUP(C31,[1]放射治疗类!$B:$T,19,FALSE) -> 118 | S31: 乙类 | T31: 0.1
B32: E | C32: 013401040010002 | D32: 近距离治疗（后装）-MR模拟定位（加收） | E32: 通过MR模拟定位在人体内置入施源器后导入放射源进行的治疗。 | I32: 次 | J32: =VLOOKUP(C32,[1]放射治疗类!$B:$T,16,FALSE) -> 306 | K32: =VLOOKUP(C32,[1]放射治疗类!$B:$T,17,FALSE) -> 275 | L32: =VLOOKUP(C32,[1]放射治疗类!$B:$T,18,FALSE) -> 248 | M32: =VLOOKUP(C32,[1]放射治疗类!$B:$T,19,FALSE) -> 223 | S32: 乙类 | T32: 0.1
B33: E | C33: 013401040010011 | D33: 近距离治疗（后装）-二维近距离治疗计划（加收） | E33: 通过二维近距离治疗计划在人体内置入施源器后导入放射源进行的治疗。 | I33: 次 | J33: =VLOOKUP(C33,[1]放射治疗类!$B:$T,16,FALSE) -> 200 | K33: =VLOOKUP(C33,[1]放射治疗类!$B:$T,17,FALSE) -> 180 | L33: =VLOOKUP(C33,[1]放射治疗类!$B:$T,18,FALSE) -> 162 | M33: =VLOOKUP(C33,[1]放射治疗类!$B:$T,19,FALSE) -> 146 | S33: 乙类 | T33: 0.1
B34: E | C34: 013401040010012 | D34: 近距离治疗（后装）-三维近距离治疗计划（加收） | E34: 通过三维近距离治疗计划在人体内置入施源器后导入放射源进行的治疗。 | I34: 次 | J34: =VLOOKUP(C34,[1]放射治疗类!$B:$T,16,FALSE) -> 714 | K34: =VLOOKUP(C34,[1]放射治疗类!$B:$T,17,FALSE) -> 643 | L34: =VLOOKUP(C34,[1]放射治疗类!$B:$T,18,FALSE) -> 579 | M34: =VLOOKUP(C34,[1]放射治疗类!$B:$T,19,FALSE) -> 521 | S34: 乙类 | T34: 0.1
B35: E | C35: 013401040010021 | D35: 近距离治疗（后装）-组织间插植/放射粒子植入（加收） | E35: 通过组织间插植/放射粒子植入在人体内置入施源器后导入放射源进行的治疗。 | I35: 次 | J35: =VLOOKUP(C35,[1]放射治疗类!$B:$T,16,FALSE) -> 450 | K35: =VLOOKUP(C35,[1]放射治疗类!$B:$T,17,FALSE) -> 405 | L35: =VLOOKUP(C35,[1]放射治疗类!$B:$T,18,FALSE) -> 365 | M35: =VLOOKUP(C35,[1]放射治疗类!$B:$T,19,FALSE) -> 329 | S35: 乙类 | T35: 0.1
A36: 11 | B36: E | C36: 013402000010000 | D36: 内照射治疗（核素常规） | E36: 通过口服、注射植入放射性核素，达到治疗恶性肿瘤和其他疾病的目的。 | F36: 所定价格涵盖治疗计划制定、放射性药品的标记与分装、注射或口服给药、防护器材使用、放射性废弃物处理、环境监测等步骤所需的人力资源与基本物质资源消耗。 | I36: 次 | J36: =VLOOKUP(C36,[1]放射治疗类!$B:$T,16,FALSE) -> 230 | K36: =VLOOKUP(C36,[1]放射治疗类!$B:$T,17,FALSE) -> 207 | L36: =VLOOKUP(C36,[1]放射治疗类!$B:$T,18,FALSE) -> 195 | M36: =VLOOKUP(C36,[1]放射治疗类!$B:$T,19,FALSE) -> 165 | R36: 1.每50毫居加收100%，限加收2次。 2.99锝(云克)治疗每次按20%收费。 | S36: 乙类 | T36: 0.1
A37: 12 | B37: E | C37: 013402000020000 | D37: 内照射治疗（核素介入） | E37: 通过组织间介入或血管介入方式植入放射性核素，辐射杀死病变细胞或缩小病灶，从而达到治疗癌症和其他疾病的目的。 | F37: 所定价格涵盖治疗计划制定、放射性药品的标记与分装、经皮穿刺或经血管介入给药、防护器材使用、放射性废弃物处理、环境监测等步骤所需的人力资源与基本物质资源消耗。 | I37: 次 | J37: =VLOOKUP(C37,[1]放射治疗类!$B:$T,16,FALSE) -> 1161 | K37: =VLOOKUP(C37,[1]放射治疗类!$B:$T,17,FALSE) -> 1045 | L37: =VLOOKUP(C37,[1]放射治疗类!$B:$T,18,FALSE) -> 941 | M37: =VLOOKUP(C37,[1]放射治疗类!$B:$T,19,FALSE) -> 847 | S37: 乙类 | T37: 0.1
A38: 13 | B38: E | C38: 013402000030000 | D38: 放射性核素敷贴治疗 | E38: 通过放射性核素嵌入的敷贴，覆盖在病变区域，提供高剂量局部辐射，达到治疗浅表病变的目的。 | F38: 所定价格涵盖治疗计划制定、放射性药品的标记与分装、制备、敷贴、防护器材使用、放射性废弃物处理、环境监测等步骤所需的人力资源与基本物质资源消耗。 | I38: 次 | J38: =VLOOKUP(C38,[1]放射治疗类!$B:$T,16,FALSE) -> 39 | K38: =VLOOKUP(C38,[1]放射治疗类!$B:$T,17,FALSE) -> 35 | L38: =VLOOKUP(C38,[1]放射治疗类!$B:$T,18,FALSE) -> 33 | M38: =VLOOKUP(C38,[1]放射治疗类!$B:$T,19,FALSE) -> 28 | R38: 用敷贴器治疗时每照射野为一次。 | S38: 乙类 | T38: 0.1
A39: 14 | B39: E | C39: 013401030080000 | D39: 术中放疗 | E39: 在术中进行的放射治疗。 | F39: 所定价格涵盖暴露瘤床、确定照射区域、遮挡正常组织器官、机器操作、设备照射、阅单等步骤所需的人力资源与基本物质资源消耗。 | I39: 次 | J39: =VLOOKUP(C39,[1]放射治疗类!$B:$T,16,FALSE) -> 945 | K39: =VLOOKUP(C39,[1]放射治疗类!$B:$T,17,FALSE) -> 851 | L39: =VLOOKUP(C39,[1]放射治疗类!$B:$T,18,FALSE) -> 766 | M39: =VLOOKUP(C39,[1]放射治疗类!$B:$T,19,FALSE) -> 689 | R39: 1.不再收取耗材费用。 2.不与“内照射治疗（核素介入）”同时收费。 | S39: 乙类 | T39: 0.1
D40: 妇科 | E40: 使用说明： 1.本类项目以妇科为重点，按照妇科相关主要环节的服务产出设立医疗服务价格项目。 2.本类项目所称的“价格构成”，指项目价格应涵盖的各类资源消耗，用于确定计价单元的边界，是制定调整项目价格考虑的测算因子，不应作为临床技术标准理解，不是实际操作方式、路径、步骤、程序的强制性要求。所列“设备投入”包括但不限于操作设备、器械及固定资产投入。 3.本类项目所称的“加收项”，指同一项目以不同方式提供或在不同场景应用时，确有必要制定差异化收费标准而细分的一类子项，包括在原项目价格基础上增加或减少收费的情况。实际应用中，同时涉及多个加收项的，以项目单价为基础计算各项的加/减收水平后，求和得出加/减收金额。 4.本类项目所称的“扩展项”，指同一项目下以不同方式提供或在不同场景应用时，只扩展价格项目适用范围、不额外加价的一类子项，子项的价格按主项目执行。 5.本类项目所称的“基本物耗”指原则上限于不应或不必要与医疗服务项目分割的易耗品，包括但不限于各类消杀灭菌用品、储存用品、清洁用品、个人防护用品、垃圾处理用品、滑石粉、标签、防渗漏垫、中单、护（尿）垫、棉球、棉签、纱布（垫）、治疗护理盘（包）、治疗巾（单）、手术巾（单）、手术包、注射器、可复用的操作器具、冲洗工具、冲洗液、润滑剂等。基本物耗成本计入项目价格，不另行收费。除基本物耗以外的可收费医用耗材，按照实际采购价格零差率销售。 6.本类项目价格构成中所称的“穿刺”为主项操作涉及的必要穿刺技术，价格构成中的穿刺操作不可收取相关费用；独立穿刺项目可按相应治疗价格项目收取。 7.本类项目中涉及“包括……”“…… 等”的，属于开放型表述，所指对象不仅局限于表述中列明的事项，也包括未列明的同类事项。 8.本类项目中项目涉及的腹腔镜、宫腔镜等常规内镜下手术已包含在价格构成中，医疗机构在开展相关操作时，执行与开放手术相同的价格标准。 9.本类项目中所涉及的子宫相关价格项目，如患者为双子宫且需同时诊疗的，按两次收费计价。 10.本类项目项目所称的“儿童”，指6周岁及以下。周岁的计算方法以法律相关规定为准。 11.手术类治疗项目的计费方式执行我省现行价格规范“手术总说明（项目编码：33）”。
A41: 15 | B41: D | C41: 012413000010000 | D41: 阴道镜检查费 | E41: 通过阴道镜检查外阴、阴道及宫颈外观形态、组织结构等。 | F41: 所定价格涵盖消毒、置镜、观察、记录、处理用物、出具报告，必要时取样等步骤所需的人力资源和基本物质资源消耗。 | I41: 次 | J41: =VLOOKUP(C41,[1]妇科!$B:$T,16,FALSE) -> 33 | K41: =VLOOKUP(C41,[1]妇科!$B:$T,17,FALSE) -> 28 | L41: =VLOOKUP(C41,[1]妇科!$B:$T,18,FALSE) -> 24 | M41: =VLOOKUP(C41,[1]妇科!$B:$T,19,FALSE) -> 20 | S41: 甲类
A42: 16 | B42: D | C42: 012413000020000 | D42: 宫颈内口检查费 | E42: 通过视诊、触诊检查女性宫颈内口松弛程度等。 | F42: 所定价格涵盖准备、摆位、消毒、视诊、触诊、记录、处理用物等步骤所需的人力资源和基本物质资源消耗。 | I42: 次 | J42: =VLOOKUP(C42,[1]妇科!$B:$T,16,FALSE) -> 29 | K42: =VLOOKUP(C42,[1]妇科!$B:$T,17,FALSE) -> 26 | L42: =VLOOKUP(C42,[1]妇科!$B:$T,18,FALSE) -> 21 | M42: =VLOOKUP(C42,[1]妇科!$B:$T,19,FALSE) -> 17 | S42: 甲类
A43: 17 | B43: D | C43: 012413000030000 | D43: 宫腔镜检查费 | E43: 通过宫腔镜（阴道内镜）检查宫颈及宫腔内形态、组织结构等。 | F43: 所定价格涵盖消毒、置镜、观察、记录、处理用物、出具报告，必要时取样等步骤所需的人力资源和基本物质资源消耗。 | I43: 次 | J43: =VLOOKUP(C43,[1]妇科!$B:$T,16,FALSE) -> 254 | K43: =VLOOKUP(C43,[1]妇科!$B:$T,17,FALSE) -> 229 | L43: =VLOOKUP(C43,[1]妇科!$B:$T,18,FALSE) -> 206 | M43: =VLOOKUP(C43,[1]妇科!$B:$T,19,FALSE) -> 185 | S43: 甲类
A44: 18 | B44: D | C44: 012413000040000 | D44: 输卵管镜检查费 | E44: 通过输卵管镜检查输卵管内部管腔形态、组织结构等。 | F44: 所定价格涵盖消毒、置镜、观察、记录、处理用物、出具报告，必要时取样等步骤所需的人力资源和基本物质资源消耗。 | I44: 单侧 | J44: =VLOOKUP(C44,[1]妇科!$B:$T,16,FALSE) -> 459 | K44: =VLOOKUP(C44,[1]妇科!$B:$T,17,FALSE) -> 321 | L44: =VLOOKUP(C44,[1]妇科!$B:$T,18,FALSE) -> 289 | M44: =VLOOKUP(C44,[1]妇科!$B:$T,19,FALSE) -> 260 | S44: 丙类
A45: 19 | B45: D | C45: 512413000010000 | D45: 盆腔检查 | E45: 通过视诊、触诊检查女性内、外生殖器、盆腔（外阴、阴道、宫颈、子宫及双附件）的形态、功能及病理状态。 | F45: 所定价格涵盖准备、摆位、消毒、视诊、触诊、记录处理用物等步骤所需的人力资源和基本物质资源消耗。必要时行三合诊检查。 | I45: 次 | J45: =VLOOKUP(C45,[1]妇科!$B:$T,16,FALSE) -> 7 | K45: =VLOOKUP(C45,[1]妇科!$B:$T,17,FALSE) -> 6 | L45: =VLOOKUP(C45,[1]妇科!$B:$T,18,FALSE) -> 5 | M45: =VLOOKUP(C45,[1]妇科!$B:$T,19,FALSE) -> 4 | S45: 甲类
A46: 20 | B46: E | C46: 013112010110000 | D46: 妇科常规治疗费 | E46: 通过各种操作对外阴、阴道或宫颈等部位进行的常规治疗。 | F46: 所定价格涵盖准备、消毒、治疗、处理用物等步骤所需的人力资源和基本物质资源消耗。 | I46: 部位 | J46: =VLOOKUP(C46,[1]妇科!$B:$T,16,FALSE) -> 34 | K46: =VLOOKUP(C46,[1]妇科!$B:$T,17,FALSE) -> 29 | L46: =VLOOKUP(C46,[1]妇科!$B:$T,18,FALSE) -> 25 | M46: =VLOOKUP(C46,[1]妇科!$B:$T,19,FALSE) -> 21 | R46: 1.部位指外阴、阴道、宫颈。 2.常规治疗包括但不限于填塞、上药、冲洗、灌洗、注射等各类治疗方式。 | S46: 甲类
A47: 21 | B47: E | C47: 013112010120000 | D47: 妇科特殊治疗费 | E47: 通过各类方式对外阴、阴道或宫颈等部位的浅表病变进行的特殊治疗。 | F47: 所定价格涵盖准备、消毒、治疗、处理用物等步骤所需的人力资源和基本物质资源消耗。 | I47: 部位 | J47: =VLOOKUP(C47,[1]妇科!$B:$T,16,FALSE) -> 42 | K47: =VLOOKUP(C47,[1]妇科!$B:$T,17,FALSE) -> 36 | L47: =VLOOKUP(C47,[1]妇科!$B:$T,18,FALSE) -> 31 | M47: =VLOOKUP(C47,[1]妇科!$B:$T,19,FALSE) -> 26 | R47: 1.部位指外阴、阴道、宫颈。 2.特殊治疗包括但不限于射频、微波、红外线、激光（包括光动力）、电熨、液氮、臭氧等各类治疗方式。 | S47: 乙类 | T47: 0.1
A48: 22 | B48: E | C48: 013112010130000 | D48: 阴道异物取出费 | E48: 通过各种方式取出阴道异物。 | F48: 所定价格涵盖初步评估、取出异物、处理用物等步骤所需的人力资源和基本物质资源消耗。 | G48: 01儿童加收30% | I48: 次 | J48: =VLOOKUP(C48,[1]妇科!$B:$T,16,FALSE) -> 206 | K48: =VLOOKUP(C48,[1]妇科!$B:$T,17,FALSE) -> 185 | L48: =VLOOKUP(C48,[1]妇科!$B:$T,18,FALSE) -> 140 | M48: =VLOOKUP(C48,[1]妇科!$B:$T,19,FALSE) -> 119 | R48: 使用宫腔镜（阴道内镜）进行阴道异物取出时，按照“阴道异物取出费”+“宫腔镜检查费”收费。 | S48: 甲类
A49: 23 | B49: E | C49: 013112010140000 | D49: 子宫托治疗费 | E49: 通过放置子宫托治疗盆腔器官脱垂及尿失禁等。 | F49: 所定价格涵盖评估、指导患者适配、放置、取出、后期维护等步骤所需的人力资源和基本物质资源消耗。 | I49: 次 | J49: =VLOOKUP(C49,[1]妇科!$B:$T,16,FALSE) -> 19 | K49: =VLOOKUP(C49,[1]妇科!$B:$T,17,FALSE) -> 17 | L49: =VLOOKUP(C49,[1]妇科!$B:$T,18,FALSE) -> 14 | M49: =VLOOKUP(C49,[1]妇科!$B:$T,19,FALSE) -> 12 | S49: 甲类
A50: 24 | B50: E | C50: 013112010150000 | D50: 穿刺费（后穹窿） | E50: 对后穹窿部位实施穿刺。 | F50: 所定价格涵盖准备、消毒、穿刺、抽吸、处理用物，必要时注药等步骤所需的人力资源和基本物质资源消耗。 | I50: 次 | J50: =VLOOKUP(C50,[1]妇科!$B:$T,16,FALSE) -> 47 | K50: =VLOOKUP(C50,[1]妇科!$B:$T,17,FALSE) -> 42 | L50: =VLOOKUP(C50,[1]妇科!$B:$T,18,FALSE) -> 35 | M50: =VLOOKUP(C50,[1]妇科!$B:$T,19,FALSE) -> 30 | S50: 甲类
A51: 25 | B51: E | C51: 013112010160000 | D51: 穿刺费（卵巢） | E51: 对卵巢实施穿刺。 | F51: 所定价格涵盖准备、消毒、穿刺、抽吸、处理用物，必要时注药等步骤所需的人力资源和基本物质资源消耗。 | I51: 单侧 | J51: =VLOOKUP(C51,[1]妇科!$B:$T,16,FALSE) -> 314 | K51: =VLOOKUP(C51,[1]妇科!$B:$T,17,FALSE) -> 283 | L51: =VLOOKUP(C51,[1]妇科!$B:$T,18,FALSE) -> 255 | M51: =VLOOKUP(C51,[1]妇科!$B:$T,19,FALSE) -> 230 | S51: 甲类
A52: 26 | B52: E | C52: 013112010170000 | D52: 宫腔灌洗费 | E52: 通过插管灌洗，清除宫腔内积血、积液或积脓。 | F52: 所定价格涵盖消毒、插管、灌洗、拔管、处理用物，必要时注药、放置引流物等步骤所需的人力资源和基本物质资源消耗。 | I52: 次 | J52: =VLOOKUP(C52,[1]妇科!$B:$T,16,FALSE) -> 81 | K52: =VLOOKUP(C52,[1]妇科!$B:$T,17,FALSE) -> 73 | L52: =VLOOKUP(C52,[1]妇科!$B:$T,18,FALSE) -> 65 | M52: =VLOOKUP(C52,[1]妇科!$B:$T,19,FALSE) -> 59 | S52: 丙类
A53: 27 | B53: E | C53: 013112010180000 | D53: 子宫内翻手法复位费 | E53: 通过手法将内翻子宫复位。 | F53: 所定价格涵盖准备、消毒、手法复位、处理用物等步骤所需的人力资源和基本物质资源消耗。 | I53: 次 | J53: =VLOOKUP(C53,[1]妇科!$B:$T,16,FALSE) -> 141 | K53: =VLOOKUP(C53,[1]妇科!$B:$T,17,FALSE) -> 127 | L53: =VLOOKUP(C53,[1]妇科!$B:$T,18,FALSE) -> 105 | M53: =VLOOKUP(C53,[1]妇科!$B:$T,19,FALSE) -> 89 | S53: 甲类
A54: 28 | B54: E | C54: 013112010190000 | D54: 卵巢组织冷冻费 | E54: 将活性卵巢组织进行冷冻保存。 | F54: 所定价格涵盖卵巢组织处理、筛选、转移至冷冻载体、冷冻等过程中所需的人力资源和基本物质资源消耗。 | I54: 次 | J54: =VLOOKUP(C54,[1]妇科!$B:$T,16,FALSE) -> 1116 | K54: =VLOOKUP(C54,[1]妇科!$B:$T,17,FALSE) -> 1004 | L54: =VLOOKUP(C54,[1]妇科!$B:$T,18,FALSE) -> 904 | M54: =VLOOKUP(C54,[1]妇科!$B:$T,19,FALSE) -> 814 | R54: 卵巢组织冷冻价格含当天起保存2个月的费用，不足2个月按2个月收费。冻存结束前只收取一次。 | S54: 丙类
A55: 29 | B55: E | C55: 013112010200000 | D55: 卵巢组织冷冻续存费 | E55: 将冷冻后的卵巢组织续存。 | F55: 所定价格涵盖将冷冻后的卵巢组织持续冻存至解冻复苏前或约定截止保存时间，期间所需的人力资源和基本物质资源消耗。 | I55: 月 | J55: =VLOOKUP(C55,[1]妇科!$B:$T,16,FALSE) -> 81 | K55: =VLOOKUP(C55,[1]妇科!$B:$T,17,FALSE) -> 73 | L55: =VLOOKUP(C55,[1]妇科!$B:$T,18,FALSE) -> 66 | M55: =VLOOKUP(C55,[1]妇科!$B:$T,19,FALSE) -> 59 | R55: 卵巢组织冷冻后保存超过2个月的，按每月收取续存费用，不足1个月按1个月收费。 | S55: 丙类
A56: 30 | B56: E | C56: 013112010210000 | D56: 卵巢组织解冻费 | E56: 将冷冻后的卵巢组织恢复至室温。 | F56: 所定价格涵盖将冷冻的卵巢组织按程序恢复至室温过程中所需的人力资源和基本物质资源消耗。 | I56: 次 | J56: =VLOOKUP(C56,[1]妇科!$B:$T,16,FALSE) -> 465 | K56: =VLOOKUP(C56,[1]妇科!$B:$T,17,FALSE) -> 419 | L56: =VLOOKUP(C56,[1]妇科!$B:$T,18,FALSE) -> 377 | M56: =VLOOKUP(C56,[1]妇科!$B:$T,19,FALSE) -> 339 | S56: 丙类
A57: 31 | B57: E | C57: 013112010220000 | D57: 盆底功能手法治疗费 | E57: 通过手法等方式改善盆底功能。 | F57: 所定价格涵盖计划制定、手法治疗、功能训练、处理用物等步骤所需的人力资源和基本物质资源消耗。 | I57: 半小时 | J57: =VLOOKUP(C57,[1]妇科!$B:$T,16,FALSE) -> 89 | K57: =VLOOKUP(C57,[1]妇科!$B:$T,17,FALSE) -> 85 | L57: =VLOOKUP(C57,[1]妇科!$B:$T,18,FALSE) -> 76 | M57: =VLOOKUP(C57,[1]妇科!$B:$T,19,FALSE) -> 65 | R57: 1.操作时间少于半小时的按50%收取，半小时后每增加10分钟加收30%，每日收费超过1小时按1小时收费。 2.采用电、磁等各种物理方法进行盆底功能治疗的，统一按照物理治疗类的相关价格项目收费。 | S57: 丙类
A58: 32 | B58: G | C58: 013313000010000 | D58: 外阴/阴道修补费（常规） | E58: 通过手术对外阴、阴道损伤进行缝合修补。 | F58: 所定价格涵盖手术计划、术区准备、消毒、缝合、处理用物等步骤所需的人力资源和基本物质资源消耗。 | I58: 次 | J58: =VLOOKUP(C58,[1]妇科!$B:$T,16,FALSE) -> 298 | K58: =VLOOKUP(C58,[1]妇科!$B:$T,17,FALSE) -> 268 | L58: =VLOOKUP(C58,[1]妇科!$B:$T,18,FALSE) -> 225 | M58: =VLOOKUP(C58,[1]妇科!$B:$T,19,FALSE) -> 125 | R58: 阴道分娩时开展的会阴裂伤修补，按产科类相关价格项目收费。 | S58: 甲类
A59: 33 | B59: G | C59: 013313000020000 | D59: 外阴/阴道修补费（复杂） | E59: 通过手术对情况复杂的外阴、阴道损伤进行缝合修补。 | F59: 所定价格涵盖手术计划、术区准备、消毒、缝合、处理用物等步骤所需的人力资源和基本物质资源消耗。 | I59: 次 | J59: =VLOOKUP(C59,[1]妇科!$B:$T,16,FALSE) -> 741 | K59: =VLOOKUP(C59,[1]妇科!$B:$T,17,FALSE) -> 667 | L59: =VLOOKUP(C59,[1]妇科!$B:$T,18,FALSE) -> 504 | M59: =VLOOKUP(C59,[1]妇科!$B:$T,19,FALSE) -> 428 | R59: 1.阴道分娩时开展的会阴裂伤修补，按产科类相关价格项目收费。 2.复杂指：会阴Ⅲ-IV度裂伤、陈旧性会阴Ⅱ-Ⅲ度裂伤等。 | S59: 甲类
A60: 34 | B60: G | C60: 013313000030000 | D60: 外阴/阴道囊肿切开引流费 | E60: 通过切开引流方式治疗患者外阴或阴道的囊肿、脓肿、血肿等囊性肿物。 | F60: 所定价格涵盖手术计划、术区准备、消毒、切开引流、处理用物，必要时包扎固定、放置引流物等步骤所需的人力资源和基本物质资源消耗。 | I60: 次 | J60: =VLOOKUP(C60,[1]妇科!$B:$T,16,FALSE) -> 267 | K60: =VLOOKUP(C60,[1]妇科!$B:$T,17,FALSE) -> 227 | L60: =VLOOKUP(C60,[1]妇科!$B:$T,18,FALSE) -> 193 | M60: =VLOOKUP(C60,[1]妇科!$B:$T,19,FALSE) -> 156 | S60: 甲类
A61: 35 | B61: G | C61: 013313000040000 | D61: 外阴病变切除费 | E61: 通过手术切除外阴肿物、癌前病变等局部外阴病变。 | F61: 所定价格涵盖手术计划、术区准备、消毒、切除、缝合、处理用物，必要时包扎固定、放置引流物等步骤所需的人力资源和基本物质资源消耗。 | I61: 次 | J61: =VLOOKUP(C61,[1]妇科!$B:$T,16,FALSE) -> 411 | K61: =VLOOKUP(C61,[1]妇科!$B:$T,17,FALSE) -> 370 | L61: =VLOOKUP(C61,[1]妇科!$B:$T,18,FALSE) -> 280 | M61: =VLOOKUP(C61,[1]妇科!$B:$T,19,FALSE) -> 238 | S61: 甲类
A62: 36 | B62: G | C62: 013313000050000 | D62: 外阴广泛切除费 | E62: 通过手术切除外阴及周围组织。 | F62: 所定价格涵盖手术计划、术区准备、消毒、切开、分离、切除、缝合修复、处理用物，必要时包扎固定、放置引流物等步骤所需的人力资源和基本物质资源消耗。 | I62: 次 | J62: =VLOOKUP(C62,[1]妇科!$B:$T,16,FALSE) -> 1640 | K62: =VLOOKUP(C62,[1]妇科!$B:$T,17,FALSE) -> 1475 | L62: =VLOOKUP(C62,[1]妇科!$B:$T,18,FALSE) -> 1328 | M62: =VLOOKUP(C62,[1]妇科!$B:$T,19,FALSE) -> 1195 | S62: 甲类
A63: 37 | B63: G | C63: 013313000060000 | D63: 阴蒂整形费 | E63: 通过手术方式缩小或成形阴蒂。 | F63: 所定价格涵盖手术计划、术区准备、消毒、切除、缝合、成形、处理用物等步骤所需的人力资源和基本物质资源消耗。 | I63: 次 | J63: =VLOOKUP(C63,[1]妇科!$B:$T,16,FALSE) -> 749 | K63: =VLOOKUP(C63,[1]妇科!$B:$T,17,FALSE) -> 711 | L63: =VLOOKUP(C63,[1]妇科!$B:$T,18,FALSE) -> 640 | M63: =VLOOKUP(C63,[1]妇科!$B:$T,19,FALSE) -> 576 | S63: 丙类
A64: 38 | B64: G | C64: 013313000070000 | D64: 阴唇整形费 | E64: 通过手术切除增生或不对称的阴唇组织，或成形阴唇。 | F64: 所定价格涵盖手术计划、术区准备、消毒、切除、缝合、成形、处理用物等步骤所需的人力资源和基本物质资源消耗。 | I64: 单侧 | J64: =VLOOKUP(C64,[1]妇科!$B:$T,16,FALSE) -> 1049 | K64: =VLOOKUP(C64,[1]妇科!$B:$T,17,FALSE) -> 997 | L64: =VLOOKUP(C64,[1]妇科!$B:$T,18,FALSE) -> 897 | M64: =VLOOKUP(C64,[1]妇科!$B:$T,19,FALSE) -> 807 | S64: 丙类
A65: 39 | B65: G | C65: 013313000080000 | D65: 阴唇粘连分离费 | E65: 通过手术分离阴唇粘连。 | F65: 所定价格涵盖手术计划、术区准备、消毒、分离、处理用物等步骤所需的人力资源和基本物质资源消耗。 | I65: 次 | J65: =VLOOKUP(C65,[1]妇科!$B:$T,16,FALSE) -> 360 | K65: =VLOOKUP(C65,[1]妇科!$B:$T,17,FALSE) -> 324 | L65: =VLOOKUP(C65,[1]妇科!$B:$T,18,FALSE) -> 292 | M65: =VLOOKUP(C65,[1]妇科!$B:$T,19,FALSE) -> 263 | S65: 丙类
A66: 40 | B66: G | C66: 013313000090000 | D66: 处女膜切开费 | E66: 通过手术切开闭锁或者肥厚的处女膜。 | F66: 所定价格涵盖手术计划、术区准备、消毒、切开、缝合、处理用物等步骤所需的人力资源和基本物质资源消耗。 | I66: 次 | J66: =VLOOKUP(C66,[1]妇科!$B:$T,16,FALSE) -> 206 | K66: =VLOOKUP(C66,[1]妇科!$B:$T,17,FALSE) -> 185 | L66: =VLOOKUP(C66,[1]妇科!$B:$T,18,FALSE) -> 140 | M66: =VLOOKUP(C66,[1]妇科!$B:$T,19,FALSE) -> 119 | S66: 乙类 | T66: 0.2
A67: 41 | B67: G | C67: 013313000100000 | D67: 处女膜修复费 | E67: 通过手术修补恢复完整处女膜缘。 | F67: 所定价格涵盖手术计划、术区准备、消毒、缝合修复、处理用物等步骤所需的人力资源和基本物质资源消耗。 | I67: 次 | J67: =VLOOKUP(C67,[1]妇科!$B:$T,16,FALSE) -> 680 | K67: =VLOOKUP(C67,[1]妇科!$B:$T,17,FALSE) -> 612 | L67: =VLOOKUP(C67,[1]妇科!$B:$T,18,FALSE) -> 551 | M67: =VLOOKUP(C67,[1]妇科!$B:$T,19,FALSE) -> 496 | S67: 丙类
A68: 42 | B68: G | C68: 013313000110000 | D68: 阴道切除费 | E68: 通过手术切除部分或全部阴道。 | F68: 所定价格涵盖手术计划、术区准备、消毒、切除、缝合、处理用物等步骤所需的人力资源和基本物质资源消耗。 | G68: 01 阴道赘生物或肿物切除减收75% | I68: 次 | J68: =VLOOKUP(C68,[1]妇科!$B:$T,16,FALSE) -> 2178 | K68: =VLOOKUP(C68,[1]妇科!$B:$T,17,FALSE) -> 1960 | L68: =VLOOKUP(C68,[1]妇科!$B:$T,18,FALSE) -> 1600 | M68: =VLOOKUP(C68,[1]妇科!$B:$T,19,FALSE) -> 1360 | S68: 甲类
A69: 43 | B69: G | C69: 013313000120000 | D69: 阴道壁修补费 | E69: 通过手术修补阴道壁。 | F69: 所定价格涵盖手术计划、术区准备、消毒、切开、分离、缝合修补、处理用物，必要时放置引流物等步骤所需的人力资源和基本物质资源消耗。 | G69: 01前后壁同时修补加收50% | I69: 次 | J69: =VLOOKUP(C69,[1]妇科!$B:$T,16,FALSE) -> 834 | K69: =VLOOKUP(C69,[1]妇科!$B:$T,17,FALSE) -> 750 | L69: =VLOOKUP(C69,[1]妇科!$B:$T,18,FALSE) -> 675 | M69: =VLOOKUP(C69,[1]妇科!$B:$T,19,FALSE) -> 608 | S69: 甲类
A70: 44 | B70: G | C70: 013313000130000 | D70: 阴道瘘修补费 | E70: 通过手术修补外阴或其他器官与阴道间的异常通道（瘘管）。 | F70: 所定价格涵盖手术计划、术区准备、消毒、分离、切除、缝合修补、处理用物，必要时放置引流物等步骤所需的人力资源和基本物质资源消耗。 | I70: 瘘管·次 | J70: =VLOOKUP(C70,[1]妇科!$B:$T,16,FALSE) -> 1556 | K70: =VLOOKUP(C70,[1]妇科!$B:$T,17,FALSE) -> 1510 | L70: =VLOOKUP(C70,[1]妇科!$B:$T,18,FALSE) -> 1116 | M70: =VLOOKUP(C70,[1]妇科!$B:$T,19,FALSE) -> 967 | R70: 此项不得再收取“膀胱阴道瘘修补术、尿道阴道瘘修补术”费用。 | S70: 甲类
A71: 45 | B71: G | C71: 013313000140000 | D71: 阴道矫形费 | E71: 通过手术修复畸形或结构异常的阴道。 | F71: 所定价格涵盖手术计划、术区准备、消毒、切开、成形、缝合、处理用物，必要时包扎固定、放置引流物等步骤所需的人力资源和基本物质资源消耗。 | I71: 次 | J71: =VLOOKUP(C71,[1]妇科!$B:$T,16,FALSE) -> 536 | K71: =VLOOKUP(C71,[1]妇科!$B:$T,17,FALSE) -> 483 | L71: =VLOOKUP(C71,[1]妇科!$B:$T,18,FALSE) -> 381 | M71: =VLOOKUP(C71,[1]妇科!$B:$T,19,FALSE) -> 329 | S71: 甲类
A72: 46 | B72: G | C72: 013313000150000 | D72: 阴道紧缩手术费 | E72: 通过手术紧缩阴道壁。 | F72: 所定价格涵盖手术计划、术区准备、消毒、加固、缝合、处理用物等步骤所需的人力资源和基本物质资源消耗。 | I72: 次 | J72: =VLOOKUP(C72,[1]妇科!$B:$T,16,FALSE) -> 0 | K72: =VLOOKUP(C72,[1]妇科!$B:$T,17,FALSE) -> 0 | L72: =VLOOKUP(C72,[1]妇科!$B:$T,18,FALSE) -> 0 | M72: =VLOOKUP(C72,[1]妇科!$B:$T,19,FALSE) -> 0 | S72: 丙类
A73: 47 | B73: G | C73: 013313000160000 | D73: 阴道替代成形费 | E73: 通过手术替代成形，治疗阴道缺失、畸形或结构异常。 | F73: 所定价格涵盖手术计划、术区准备、消毒、切开、成形、缝合、处理用物，必要时包扎固定、放置引流物等步骤所需的人力资源和基本物质资源消耗。 | I73: 次 | J73: =VLOOKUP(C73,[1]妇科!$B:$T,16,FALSE) -> 1721 | K73: =VLOOKUP(C73,[1]妇科!$B:$T,17,FALSE) -> 1549 | L73: =VLOOKUP(C73,[1]妇科!$B:$T,18,FALSE) -> 1394 | M73: =VLOOKUP(C73,[1]妇科!$B:$T,19,FALSE) -> 1254 | S73: 甲类
A74: 48 | B74: G | C74: 013313000170000 | D74: 阴道闭合手术费 | E74: 通过手术方式缝合部分或全部阴道腔。 | F74: 所定价格涵盖手术计划、术区准备、消毒、分离、切除、缝合、处理用物，必要时包扎固定、放置引流物等步骤所需的人力资源和基本物质资源消耗。 | I74: 次 | J74: =VLOOKUP(C74,[1]妇科!$B:$T,16,FALSE) -> 1987 | K74: =VLOOKUP(C74,[1]妇科!$B:$T,17,FALSE) -> 1788 | L74: =VLOOKUP(C74,[1]妇科!$B:$T,18,FALSE) -> 1609 | M74: =VLOOKUP(C74,[1]妇科!$B:$T,19,FALSE) -> 1448 | S74: 甲类
A75: 49 | B75: G | C75: 013313000180000 | D75: 宫颈环扎费（非孕期） | E75: 通过手术环扎宫颈口。 | F75: 所定价格涵盖手术计划、术区准备、消毒、环扎、处理用物、拆线等步骤所需的人力资源和基本物质资源消耗。 | I75: 次 | J75: =VLOOKUP(C75,[1]妇科!$B:$T,16,FALSE) -> 514 | K75: =VLOOKUP(C75,[1]妇科!$B:$T,17,FALSE) -> 463 | L75: =VLOOKUP(C75,[1]妇科!$B:$T,18,FALSE) -> 350 | M75: =VLOOKUP(C75,[1]妇科!$B:$T,19,FALSE) -> 297 | S75: 丙类
A76: 50 | B76: G | C76: 013313000190000 | D76: 宫颈部分切除费 | E76: 通过手术切除部分宫颈。 | F76: 所定价格涵盖手术计划、术区准备、消毒、切除、缝合、处理用物等步骤所需的人力资源和基本物质资源消耗。 | I76: 次 | J76: =VLOOKUP(C76,[1]妇科!$B:$T,16,FALSE) -> 1004 | K76: =VLOOKUP(C76,[1]妇科!$B:$T,17,FALSE) -> 846 | L76: =VLOOKUP(C76,[1]妇科!$B:$T,18,FALSE) -> 756 | M76: =VLOOKUP(C76,[1]妇科!$B:$T,19,FALSE) -> 482 | S76: 甲类
A77: 51 | B77: G | C77: 013313000200000 | D77: 宫颈根治性切除费 | E77: 通过手术切除全部的宫颈、周围组织及盆腔淋巴结。 | F77: 所定价格涵盖手术计划、术区准备、消毒、分离、切除、缝合、处理用物等步骤所需的人力资源和基本物质资源消耗。 | I77: 次 | J77: =VLOOKUP(C77,[1]妇科!$B:$T,16,FALSE) -> 3025 | K77: =VLOOKUP(C77,[1]妇科!$B:$T,17,FALSE) -> 2723 | L77: =VLOOKUP(C77,[1]妇科!$B:$T,18,FALSE) -> 2100 | M77: =VLOOKUP(C77,[1]妇科!$B:$T,19,FALSE) -> 1785 | S77: 甲类
A78: 52 | B78: G | C78: 013313000210000 | D78: 宫颈肌瘤切除费（常规） | E78: 通过手术切除宫颈肌瘤。 | F78: 所定价格涵盖手术计划、术区准备、消毒、宫腔探查、切除肌瘤、缝合、处理用物等步骤所需的人力资源和基本物质资源消耗。 | I78: 次 | J78: =VLOOKUP(C78,[1]妇科!$B:$T,16,FALSE) -> 1488 | K78: =VLOOKUP(C78,[1]妇科!$B:$T,17,FALSE) -> 1339 | L78: =VLOOKUP(C78,[1]妇科!$B:$T,18,FALSE) -> 1205 | M78: =VLOOKUP(C78,[1]妇科!$B:$T,19,FALSE) -> 1085 | S78: 甲类
A79: 53 | B79: G | C79: 013313000220000 | D79: 宫颈肌瘤切除费（复杂） | E79: 通过手术切除复杂情况宫颈肌瘤。 | F79: 所定价格涵盖手术计划、术区准备、消毒、宫腔探查、切除肌瘤、缝合、处理用物等步骤所需的人力资源和基本物质资源消耗。 | I79: 次 | J79: =VLOOKUP(C79,[1]妇科!$B:$T,16,FALSE) -> 1934 | K79: =VLOOKUP(C79,[1]妇科!$B:$T,17,FALSE) -> 1740 | L79: =VLOOKUP(C79,[1]妇科!$B:$T,18,FALSE) -> 1566 | M79: =VLOOKUP(C79,[1]妇科!$B:$T,19,FALSE) -> 1410 | R79: 复杂指：宫颈管内肌瘤≥3厘米或肌瘤切除数≥2个 | S79: 甲类
A80: 54 | B80: G | C80: 013313000230000 | D80: 人工流产费（常规） | E80: 通过钳刮、吸引等方式终止早期妊娠。 | F80: 所定价格涵盖手术计划、术区准备、冲洗、消毒、探针探查、钳刮、吸引、检查妊娠物的完整性、处理用物等步骤所需的人力资源和基本物质资源消耗。 | I80: 次 | J80: =VLOOKUP(C80,[1]妇科!$B:$T,16,FALSE) -> 162 | K80: =VLOOKUP(C80,[1]妇科!$B:$T,17,FALSE) -> 146 | L80: =VLOOKUP(C80,[1]妇科!$B:$T,18,FALSE) -> 131 | M80: =VLOOKUP(C80,[1]妇科!$B:$T,19,FALSE) -> 118 | S80: 甲类 | U80: 限职工生育保险
A81: 55 | B81: G | C81: 013313000240000 | D81: 人工流产费（复杂） | E81: 通过钳刮、吸引等方式终止复杂情况的早期妊娠。 | F81: 所定价格涵盖手术计划、术区准备、冲洗、消毒、探针探查、钳刮、吸引、检查妊娠物的完整性、处理用物等步骤所需的人力资源和基本物质资源消耗。 | I81: 次 | J81: =VLOOKUP(C81,[1]妇科!$B:$T,16,FALSE) -> 212 | K81: =VLOOKUP(C81,[1]妇科!$B:$T,17,FALSE) -> 196 | L81: =VLOOKUP(C81,[1]妇科!$B:$T,18,FALSE) -> 171 | M81: =VLOOKUP(C81,[1]妇科!$B:$T,19,FALSE) -> 152 | R81: 复杂指：畸形子宫、瘢痕子宫、 哺乳期子宫、宫颈妊娠等。 | S81: 甲类 | U81: 限职工生育保险
A82: 56 | B82: G | C82: 013313000250000 | D82: 清宫费（常规） | E82: 通过手术去除宫内异常组织，或取出宫内组织。 | F82: 所定价格涵盖手术计划、术区准备、消毒、宫腔探查、清宫或分段刮宫、处理用物等步骤所需的人力资源和基本物质资源消耗。 | H82: 01宫腔组织吸取 02刮宫 | I82: 次 | J82: =VLOOKUP(C82,[1]妇科!$B:$T,16,FALSE) -> 133 | K82: =VLOOKUP(C82,[1]妇科!$B:$T,17,FALSE) -> 120 | L82: =VLOOKUP(C82,[1]妇科!$B:$T,18,FALSE) -> 108 | M82: =VLOOKUP(C82,[1]妇科!$B:$T,19,FALSE) -> 97 | R82: 不与“宫腔异物取出费”、“瘢痕子宫妊娠病灶切除费”同时收取。 | S82: 乙类 | T82: 0.2
A83: 57 | B83: G | C83: 013313000260000 | D83: 清宫费（复杂） | E83: 对病情复杂的情况，通过手术去除宫内异常组织，或取出宫内组织。 | F83: 所定价格涵盖手术计划、术区准备、消毒、宫腔探查、清宫或分段刮宫、处理用物等步骤所需的人力资源和基本物质资源消耗。 | H83: 01分段诊刮 | I83: 次 | J83: =VLOOKUP(C83,[1]妇科!$B:$T,16,FALSE) -> 392 | K83: =VLOOKUP(C83,[1]妇科!$B:$T,17,FALSE) -> 353 | L83: =VLOOKUP(C83,[1]妇科!$B:$T,18,FALSE) -> 318 | M83: =VLOOKUP(C83,[1]妇科!$B:$T,19,FALSE) -> 286 | R83: 1.复杂指：畸形子宫、瘢痕子宫、稽留流产等。 2.分段诊刮指同时取出宫颈和宫腔的组织。 3.不与“宫腔异物取出费”、“瘢痕子宫妊娠病灶切除费”同时收取。 | S83: 乙类 | T83: 0.2
A84: 58 | B84: G | C84: 013313000270000 | D84: 宫腔粘连分离费 | E84: 通过手术分离宫腔粘连。 | F84: 所定价格涵盖手术计划、术区准备、消毒、宫腔探查、分离、处理用物等步骤所需的人力资源和基本物质资源消耗。 | G84: 01宫颈管粘连分离加收20% | I84: 次 | J84: =VLOOKUP(C84,[1]妇科!$B:$T,16,FALSE) -> 813 | K84: =VLOOKUP(C84,[1]妇科!$B:$T,17,FALSE) -> 732 | L84: =VLOOKUP(C84,[1]妇科!$B:$T,18,FALSE) -> 659 | M84: =VLOOKUP(C84,[1]妇科!$B:$T,19,FALSE) -> 593 | R84: 宫腔粘连分离费-使用探针或扩官棒分粘（减收）90%。 | S84: 甲类
A85: 59 | B85: G | C85: 013313000280000 | D85: 宫腔异物取出费 | E85: 通过器械取出嵌顿在子宫壁的宫腔内异物。 | F85: 所定价格涵盖手术计划、扩宫、探查、取异物，必要时缝合、处理用物等操作所需的人力资源和基本物质资源消耗。 | I85: 次 | J85: =VLOOKUP(C85,[1]妇科!$B:$T,16,FALSE) -> 914 | K85: =VLOOKUP(C85,[1]妇科!$B:$T,17,FALSE) -> 823 | L85: =VLOOKUP(C85,[1]妇科!$B:$T,18,FALSE) -> 741 | M85: =VLOOKUP(C85,[1]妇科!$B:$T,19,FALSE) -> 667 | R85: 不与“清宫费”、“瘢痕子宫妊娠病灶切除费”同时收取。 | S85: 乙类 | T85: 0.2
A86: 60 | B86: G | C86: 013313000290000 | D86: 宫内节育器放置费 | E86: 在子宫内放入节育器。 | F86: 所定价格涵盖手术计划、术区准备、冲洗、消毒、扩张、放置节育器、处理用物等步骤所需的人力资源和基本物质资源消耗。 | G86: 01 宫内节育器缝合固定加收20%。 | I86: 次 | J86: =VLOOKUP(C86,[1]妇科!$B:$T,16,FALSE) -> 54 | K86: =VLOOKUP(C86,[1]妇科!$B:$T,17,FALSE) -> 48 | L86: =VLOOKUP(C86,[1]妇科!$B:$T,18,FALSE) -> 43 | M86: =VLOOKUP(C86,[1]妇科!$B:$T,19,FALSE) -> 39 | S86: 甲类 | U86: 限职工生育保险
A87: 61 | B87: G | C87: 013313000300000 | D87: 宫内节育器取出费 | E87: 取出子宫内的节育器。 | F87: 所定价格涵盖手术计划、术区准备、冲洗、消毒、扩张、取出节育器、处理用物等步骤所需的人力资源和基本物质资源消耗。 | I87: 次 | J87: =VLOOKUP(C87,[1]妇科!$B:$T,16,FALSE) -> 54 | K87: =VLOOKUP(C87,[1]妇科!$B:$T,17,FALSE) -> 48 | L87: =VLOOKUP(C87,[1]妇科!$B:$T,18,FALSE) -> 43 | M87: =VLOOKUP(C87,[1]妇科!$B:$T,19,FALSE) -> 39 | R87: 取出嵌顿在子宫壁上的节育器，按“宫腔异物取出费”收取。 | S87: 甲类 | U87: 限职工生育保险
A88: 62 | B88: G | C88: 013313000310000 | D88: 子宫活检费 | E88: 取子宫或韧带部位组织进行活检。 | F88: 所定价格涵盖手术计划、术区准备、消毒、切开、探查、取样、处理用物等步骤所需的人力资源和基本物质资源消耗。 | I88: 次 | J88: =VLOOKUP(C88,[1]妇科!$B:$T,16,FALSE) -> 57 | K88: =VLOOKUP(C88,[1]妇科!$B:$T,17,FALSE) -> 51 | L88: =VLOOKUP(C88,[1]妇科!$B:$T,18,FALSE) -> 46 | M88: =VLOOKUP(C88,[1]妇科!$B:$T,19,FALSE) -> 41 | R88: 1.不与同部位其他手术同时收费。 2.宫颈活检术按此项目收费 | S88: 甲类
A89: 63 | B89: G | C89: 013313000320000 | D89: 瘢痕子宫妊娠病灶切除费 | E89: 通过手术切除瘢痕子宫的妊娠组织。 | F89: 所定价格涵盖手术计划、术区准备、消毒、切开、宫腔探查、切除、缝合、处理用物，必要时修补等步骤所需的人力资源和基本物质资源消耗。 | H89: 01宫角妊娠病灶切除 | I89: 次 | J89: =VLOOKUP(C89,[1]妇科!$B:$T,16,FALSE) -> 1566 | K89: =VLOOKUP(C89,[1]妇科!$B:$T,17,FALSE) -> 1409 | L89: =VLOOKUP(C89,[1]妇科!$B:$T,18,FALSE) -> 1268 | M89: =VLOOKUP(C89,[1]妇科!$B:$T,19,FALSE) -> 1141 | R89: 不与“清宫费”、“宫腔异物取出费”同时收取。 | S89: 乙类 | T89: 0.2
A90: 64 | B90: G | C90: 013313000330000 | D90: 子宫内膜去除费 | E90: 通过各种方式去除子宫内膜。 | F90: 所定价格涵盖手术计划、术区准备、消毒、宫腔探查、去除内膜、处理用物等步骤所需的人力资源和基本物质资源消耗。 | I90: 次 | J90: =VLOOKUP(C90,[1]妇科!$B:$T,16,FALSE) -> 1443 | K90: =VLOOKUP(C90,[1]妇科!$B:$T,17,FALSE) -> 1299 | L90: =VLOOKUP(C90,[1]妇科!$B:$T,18,FALSE) -> 1169 | M90: =VLOOKUP(C90,[1]妇科!$B:$T,19,FALSE) -> 1052 | S90: 甲类
A91: 65 | B91: G | C91: 013313000340000 | D91: 子宫内膜息肉去除费 | E91: 通过手术去除子宫内膜息肉。 | F91: 所定价格涵盖手术计划、术区准备、消毒、宫腔探查、去除、处理用物等步骤所需的人力资源和基本物质资源消耗。 | G91: 01宫颈管息肉去除减收85% | I91: 次 | J91: =VLOOKUP(C91,[1]妇科!$B:$T,16,FALSE) -> 264 | K91: =VLOOKUP(C91,[1]妇科!$B:$T,17,FALSE) -> 239 | L91: =VLOOKUP(C91,[1]妇科!$B:$T,18,FALSE) -> 215 | M91: =VLOOKUP(C91,[1]妇科!$B:$T,19,FALSE) -> 194 | S91: 甲类
A92: 66 | B92: G | C92: 013313000350000 | D92: 子宫肌瘤切除费（常规） | E92: 通过手术切除子宫肌瘤。 | F92: 所定价格涵盖手术计划、术区准备、消毒、宫腔探查、切除肌瘤、缝合、处理用物等步骤所需的人力资源和基本物质资源消耗。 | H92: 01子宫腺肌病灶切除 | I92: 次 | J92: =VLOOKUP(C92,[1]妇科!$B:$T,16,FALSE) -> 1615 | K92: =VLOOKUP(C92,[1]妇科!$B:$T,17,FALSE) -> 1454 | L92: =VLOOKUP(C92,[1]妇科!$B:$T,18,FALSE) -> 1229 | M92: =VLOOKUP(C92,[1]妇科!$B:$T,19,FALSE) -> 1063 | S92: 甲类
A93: 67 | B93: G | C93: 013313000360000 | D93: 子宫肌瘤切除费（复杂） | E93: 通过手术切除复杂情况子宫肌瘤。 | F93: 所定价格涵盖手术计划、术区准备、消毒、宫腔探查、切除肌瘤、缝合、处理用物等步骤所需的人力资源和基本物质资源消耗。 | I93: 次 | J93: =VLOOKUP(C93,[1]妇科!$B:$T,16,FALSE) -> 2099 | K93: =VLOOKUP(C93,[1]妇科!$B:$T,17,FALSE) -> 1890 | L93: =VLOOKUP(C93,[1]妇科!$B:$T,18,FALSE) -> 1597 | M93: =VLOOKUP(C93,[1]妇科!$B:$T,19,FALSE) -> 1381 | R93: 复杂指：肌瘤≥8厘米或肌瘤切除数≥6个。 | S93: 甲类
A94: 68 | B94: G | C94: 013313000370000 | D94: 子宫动脉结扎费 | E94: 通过手术结扎子宫动脉，阻断子宫血供。 | F94: 所定价格涵盖手术计划、术区准备、消毒、宫腔探查、结扎、处理用物等步骤所需的人力资源和基本物质资源消耗。 | I94: 单侧 | J94: =VLOOKUP(C94,[1]妇科!$B:$T,16,FALSE) -> 648 | K94: =VLOOKUP(C94,[1]妇科!$B:$T,17,FALSE) -> 583 | L94: =VLOOKUP(C94,[1]妇科!$B:$T,18,FALSE) -> 458 | M94: =VLOOKUP(C94,[1]妇科!$B:$T,19,FALSE) -> 395 | S94: 甲类
A95: 69 | B95: G | C95: 013313000380000 | D95: 子宫次全切除费 | E95: 通过手术切除子宫体，同时保留宫颈。 | F95: 所定价格涵盖手术计划、术区准备、消毒、切开、宫腔探查、切除、分离、缝合、处理用物等步骤所需的人力资源和基本物质资源消耗。 | I95: 次 | J95: =VLOOKUP(C95,[1]妇科!$B:$T,16,FALSE) -> 1641 | K95: =VLOOKUP(C95,[1]妇科!$B:$T,17,FALSE) -> 1477 | L95: =VLOOKUP(C95,[1]妇科!$B:$T,18,FALSE) -> 1329 | M95: =VLOOKUP(C95,[1]妇科!$B:$T,19,FALSE) -> 1196 | S95: 甲类
A96: 70 | B96: G | C96: 013313000390000 | D96: 子宫全切除费 | E96: 通过手术切除全部子宫。 | F96: 所定价格涵盖手术计划、术区准备、消毒、切开、宫腔探查、切除、分离、缝合、处理用物等步骤所需的人力资源和基本物质资源消耗。 | I96: 次 | J96: =VLOOKUP(C96,[1]妇科!$B:$T,16,FALSE) -> 2380 | K96: =VLOOKUP(C96,[1]妇科!$B:$T,17,FALSE) -> 2142 | L96: =VLOOKUP(C96,[1]妇科!$B:$T,18,FALSE) -> 1928 | M96: =VLOOKUP(C96,[1]妇科!$B:$T,19,FALSE) -> 1735 | S96: 甲类
A97: 71 | B97: G | C97: 013313000400000 | D97: 子宫扩大切除费（常规） | E97: 通过手术切除全部子宫及筋膜外周围组织。 | F97: 所定价格涵盖手术计划、术区准备、消毒、切开、盆腹腔探查、分离、切除、缝合、处理用物，必要时放置引流物等步骤所需的人力资源和基本物质资源消耗。 | I97: 次 | J97: =VLOOKUP(C97,[1]妇科!$B:$T,16,FALSE) -> 2528 | K97: =VLOOKUP(C97,[1]妇科!$B:$T,17,FALSE) -> 2275 | L97: =VLOOKUP(C97,[1]妇科!$B:$T,18,FALSE) -> 2048 | M97: =VLOOKUP(C97,[1]妇科!$B:$T,19,FALSE) -> 1843 | S97: 甲类
A98: 72 | B98: G | C98: 013313000410000 | D98: 子宫扩大切除费（复杂） | E98: 通过手术切除全部子宫，并次广泛、广泛切除筋膜外周围组织。 | F98: 所定价格涵盖手术计划、术区准备、消毒、切开、盆腹腔探查、分离、切除、缝合、处理用物，必要时放置引流物等步骤所需的人力资源和基本物质资源消耗。 | I98: 次 | J98: =VLOOKUP(C98,[1]妇科!$B:$T,16,FALSE) -> 3211 | K98: =VLOOKUP(C98,[1]妇科!$B:$T,17,FALSE) -> 2703 | L98: =VLOOKUP(C98,[1]妇科!$B:$T,18,FALSE) -> 2433 | M98: =VLOOKUP(C98,[1]妇科!$B:$T,19,FALSE) -> 2190 | S98: 甲类
A99: 73 | B99: G | C99: 013313000420000 | D99: 子宫修补费 | E99: 通过手术修补破损子宫（包括剖腹产切口憩室）。 | F99: 所定价格涵盖手术计划、术区准备、消毒、宫腔探查、缝合修补、处理用物等步骤所需的人力资源和基本物质资源消耗。 | I99: 次 | J99: =VLOOKUP(C99,[1]妇科!$B:$T,16,FALSE) -> 1279 | K99: =VLOOKUP(C99,[1]妇科!$B:$T,17,FALSE) -> 1206 | L99: =VLOOKUP(C99,[1]妇科!$B:$T,18,FALSE) -> 1079 | M99: =VLOOKUP(C99,[1]妇科!$B:$T,19,FALSE) -> 925 | S99: 甲类
A100: 74 | B100: G | C100: 013313000430000 | D100: 子宫矫形费 | E100: 通过手术纠正子宫纵隔、残角子宫、双角子宫等子宫畸形。 | F100: 所定价格涵盖手术计划、术区准备、消毒、切开、宫腔探查、缝合、处理用物，必要时切除等步骤所需的人力资源和基本物质资源消耗。 | I100: 次 | J100: =VLOOKUP(C100,[1]妇科!$B:$T,16,FALSE) -> 1445 | K100: =VLOOKUP(C100,[1]妇科!$B:$T,17,FALSE) -> 1301 | L100: =VLOOKUP(C100,[1]妇科!$B:$T,18,FALSE) -> 1049 | M100: =VLOOKUP(C100,[1]妇科!$B:$T,19,FALSE) -> 936 | S100: 甲类
...
